 Dungeon Crawl Stone Soup version 0.29.1-1-gd02db6906a (webtiles) character file.

Game seed: 9347295696678553597

169 leavemydog the Conjurer (level 5, -5/28 HPs)
             Began as a Deep Elf Conjurer on Sept 19, 2022.
             Blown up by Ijyb (16 damage)
             ... with a mindburst bolt
             ... on level 3 of the Dungeon.
             The game lasted 00:03:18 (3107 turns).

leavemydog the Conjurer (Deep Elf Conjurer)         Turns: 3107, Time: 00:03:19

Health: -5/28      AC:  2    Str:  4    XL:     5   Next: 25%
Magic:  5/13       EV: 12    Int: 25    God:
Gold:   151        SH:  0    Dex: 13    Spells: 6/13 levels left

rFire   . . .      SeeInvis .   k - +0 short sword (flame)
rCold   . . .      Faith    .   (no shield)
rNeg    . . .      Spirit   .   a - +0 robe
rPois   .          Reflect  .   (no helmet)
rElec   .          Harm     .   (no cloak)
rCorr   .          Rampage  .   (no gloves)
Will    .....                   (no boots)
Stlth   ++........              (no amulet)
HPRegen 0.09/turn               (no ring)
MPRegen 0.13/turn               (no ring)

@: no status effects
A: no striking features
a: no special abilities


You were on level 3 of the Dungeon.
You visited 1 branch of the dungeon, and saw 3 of its levels.

You collected 151 gold pieces.

Inventory:

Hand Weapons
 k - a +0 short sword of flaming (weapon)
Armour
 a - a +0 robe (worn)
Jewellery
 h - a ring of ice
Scrolls
 d - a scroll of fog
 g - a scroll of enchant weapon {unknown}
 n - a scroll of amnesia {unknown}
 o - a scroll of teleportation {unknown}
 p - a scroll of blinking {unknown}
 q - 3 scrolls of magic mapping
Potions
 b - 2 potions of magic
 e - 2 potions of attraction
 f - a potion of haste {unknown}
 i - 2 potions of curing
 j - 2 potions of invisibility {unknown}
 l - a potion of flight {unknown}
 m - a potion of mutation {unknown}


   Skills:
 - Level 2.4 Dodging
 - Level 2.4 Stealth
 + Level 4.6 Spellcasting
 + Level 6.4 Conjurations
 * Level 1.2 Translocations


You had 6 spell levels left.
You knew the following spells:

 Your Spells              Type           Power      Damage    Failure   Level
a - Magic Dart            Conj           100%       1d8       1%          1
b - Searing Ray           Conj           74%        2d7       1%          2
c - Iskenderun's Mystic   Conj/Tloc      24%        2d7       19%         4

Your spell library contained the following spells:

 Spells                   Type           Power      Damage    Failure   Level
 Static Discharge         Conj/Air       21%        3-6/arc   3%          2
 Apportation              Tloc           24%        N/A       5%          1
 Dazzling Flash           Conj/Hex       42%        N/A       7%          3
 Fulminant Prism          Conj/Hex       10%        3d9       22%         4
 Inner Flame              Hex/Fire       5%         N/A       26%         3
 Lightning Bolt           Conj/Air       10%        1d23      54%         5
 Cause Fear               Hex            2%         N/A       65%         4
 Alistair's Intoxication  Tmut/Pois      3%         N/A       94%         5
 Discord                  Hex            2%         N/A       100%        8
 Maxwell's Capacitive Co  Air            2%         ∞         100%        8


Dungeon Overview and Level Annotations

Branches:
Dungeon (3/15)

Altars:

Annotations:
D:3 Ijyb


Message History

You can't see any susceptible monsters within range! (Use Z to cast anyway.)
Found a stone staircase leading down.
A hobgoblin and an adder come into view.
The hobgoblin shouts!
There are monsters nearby!
There are monsters nearby!
The magic dart hits the adder!
The adder is almost dead.
An endoplasm comes into view.
The magic dart hits the adder.
You kill the adder!
The magic dart hits the hobgoblin.
The hobgoblin is almost dead.
The magic dart hits the hobgoblin.
You kill the hobgoblin!
The magic dart hits the endoplasm.
The endoplasm is heavily wounded.
The magic dart hits the endoplasm.
You kill the endoplasm!
Ijyb the Twisted Goblin comes into view.
She is wielding a +0 dagger and carrying a wand of mindburst (3).
The magic dart hits Ijyb.
Ijyb is moderately wounded.
Ijyb shouts!
Ijyb zaps a wand.
Your mind is blasted!
The magic dart hits Ijyb.
Ijyb is moderately wounded.
The magic dart hits Ijyb but does no damage.
Ijyb is moderately wounded.
A rat comes into view.
There are monsters nearby!
The magic dart hits Ijyb.
Ijyb is heavily wounded.
Ijyb zaps a wand.
Your mind is blasted!
Ouch! That really hurt!
You are too injured to fight recklessly!
Found a stone staircase leading up.
Found 8 stones.
Found a viscous clear potion.
Ijyb zaps a wand.
Your mind is blasted!
Ouch! That really hurt!
You die...

P.P.P..##...# ....
..P.P#...g### ..###
PPPPP###....######....##
#### ##.#.#..........#
#..#.............
#.##............. ..
#...........^. #.#
#..........(.. #.
#.....@<...... ..
#............! .#
##............ #####.#
##..........# ......#
####.#.##### ......#
#...# ......# ##..#
).....# ..# ).....#


You could see Ijyb.

Vanquished Creatures
  Robin (D:3)
  4 gnolls (D:2)
  4 adders
  2 worms
  A dart slug (D:2)
  7 endoplasms
  A giant cockroach (D:1)
  14 goblins
  10 hobgoblins
  5 jackals
  7 kobolds
  2 quokkas
  3 ball pythons
  3 bats (D:2)
  A frilled lizard (D:1)
  5 rats
70 creatures vanquished.

Notes
Turn   | Place    | Note
-------+----------+-------------------------------------------
     0 | D:1      | leavemydog the Deep Elf Conjurer began the quest for the
                  | Orb.
     0 | D:1      | Reached XP level 1. HP: 10/10 MP: 6/6
   171 | D:1      | Reached XP level 2. HP: 15/15 MP: 1/8
   174 | D:1      | Learned a level 2 spell: Searing Ray
   319 | D:1      | Reached skill level 5 in Conjurations
   704 | D:1      | Found a faded altar of an unknown god.
  1134 | D:2      | Reached XP level 3. HP: 19/19 MP: 6/9
  1353 | D:2      | Reached XP level 4. HP: 17/24 MP: 4/11
  1421 | D:2      | Learned a level 4 spell: Iskenderun's Mystic Blast
  1493 | D:2      | Reached skill level 6 in Conjurations
  2611 | D:3      | Noticed Robin
  2617 | D:3      | Killed Robin
  2618 | D:3      | Reached skill level 1 in Translocations
  2618 | D:3      | Reached XP level 5. HP: 22/28 MP: 4/13
  3095 | D:3      | Noticed Ijyb
  3107 | D:3      | Blown up by Ijyb

Illustrated notes

Levels and vault maps discovered:
D:1:      ncdulo_lavacross, layout_rooms, serial_forest,
          infiniplex_forest_fountain, infiniplex_forest_clump_diagonal,
          infiniplex_forest_end_3, infiniplex_forest_straight_3,
          infiniplex_forest_diagonal, hellmonk_ecumenical_altar_leap_of_faith,
          hangedman_decor_opposing, minmay_cut_off
D:2:      layout_loops_corners, minmay_tromino_v4_c
D:3:      layout_rooms, st_stairs_5, minmay_hedge_maze, lemuel_flame_loot_1,
          uniq_ijyb, uniq_robin, uniq_grinder

Skill      XL: |  1  2  3  4 |
---------------+-------------+-----
Conjurations   | 5 6 |  6.4
Spellcasting   | 4 |  4.6
Translocations | 1 |  1.2
Dodging        | |  2.4
Stealth        | |  2.4

Action                   |  1- 3 |  4- 6 || total
-------------------------+-------+-------++-------
Melee: Short sword       |       |     8 ||     8
 Cast: Magic Dart        |    52 |    52 ||   104
       Searing Ray       |     1 |     4 ||     5
  Use: Scroll            |       |     4 ||     4
Armor: Robe              |       |     3 ||     3
Dodge: Dodged            |     2 |    15 ||    17
